 Dungeon Crawl Stone Soup version 0.29-a0-25-g7f48f510a0 (webtiles) character file.

Game seed: 6372734717568404567

508 Bosse the Magician (level 6, -14/41 HPs)
             Began as a Demonspawn Fire Elementalist on Jan 31, 2022.
             Demolished by a shadow (22 damage)
             ... on level 5 of the Dungeon.
             The game lasted 00:13:28 (5888 turns).

Bosse the Magician (Demonspawn Fire Elementalist)   Turns: 5888, Time: 00:13:29

Health: -14/41     AC:  8    Str:  8    XL:     6   Next: 98%
Magic:  6/13       EV: 12    Int: 18    God:
Gold:   115        SH:  0    Dex: 14    Spells: 13/14 levels left

rFire   . . .      SeeInvis .   d - +2 spear (flame)
rCold   . . .      Faith    .   (no shield)
rNeg    . . .      Spirit   .   a - +1 robe
rPois   .          Reflect  .   (helmet restricted)
rElec   .          Harm     .   (no cloak)
rCorr   .          Rampage  .   (no gloves)
Will    .....                   c - +0 pair of boots
Stlth   ++........              (no amulet)
HPRegen 0.13/turn               e - +4 ring of protection
MPRegen 0.13/turn               (no ring)

@: no status effects
A: horns 1, demonic guardian 2
a: no special abilities


You were on level 5 of the Dungeon.
You visited 1 branch of the dungeon, and saw 5 of its levels.

You collected 115 gold pieces.

Inventory:

Hand Weapons
 b - a +2 whip of freezing
 d - a +2 spear of flaming (weapon)
Missiles
 m - a throwing net
Armour
 a - a +1 robe (worn)
 c - a +0 pair of boots (worn)
Jewellery
 e - a +4 ring of protection (left hand)
 l - a ring of ice
Wands
 i - a wand of flame (12)
Scrolls
 h - 3 scrolls of identify
 j - a scroll of teleportation
Potions
 f - a potion of might
 g - a potion of resistance {unknown}
 k - a potion of heal wounds {unknown}


   Skills:
 + Level 0.2 Fighting
 + Level 2.2 Dodging
 + Level 2.0 Stealth
 + Level 4.7 Spellcasting
 + Level 3.4 Conjurations
 + Level 4.3 Fire Magic


You had 13 spell levels left.
You knew the following spells:

 Your Spells              Type           Power      Damage    Failure   Level
a - Foxfire               Conj/Fire      72%        2x1d7     2%          1

Your spell library contained the following spells:

 Spells                   Type           Power      Damage    Failure   Level
 Scorch                   Fire           40%        2d7       3%          2
 Conjure Flame            Conj/Fire      18%        6-21      9%          3
 Sandblast                Erth           8%         2d5       14%         1
 Inner Flame              Hex/Fire       12%        N/A       17%         3
 Passwall                 Tmut/Erth      3%         N/A       21%         2
 Stone Arrow              Conj/Erth      20%        3d8       21%         3
 Ignite Poison            Fire/Tmut/Pois 9%         N/A       22%         3
 Mephitic Cloud           Conj/Pois/Air  8%         N/A       26%         3
 Flame Wave               Conj/Fire      18%        2d6       26%         4
 Freezing Cloud           Conj/Ice/Air   4%         6-21      93%         5
 Summon Cactus Giant      Summ           2%         N/A       100%        6


Dungeon Overview and Level Annotations

Branches:
Dungeon (5/15)
 Temple: D:4-7

Altars:
Zin

Annotations:
D:4 1 runed translucent door, bgiannan's ghost, amateur GrFi


Innate Abilities, Weirdness & Mutations

You have a pair of small horns on your head.
A demonic guardian rushes to your aid.


Message History

The shadow flickers and vanishes!
Deactivating autopickup; reactivate with Ctrl-A.
You conjure some foxfire!
You conjure some foxfire!
The foxfire hits something but does no damage. x2
You conjure some foxfire!
The foxfire hits something but does no damage. x2
The shadow strikes at you from the darkness!
Ouch! That really hurt!
* * * LOW HITPOINT WARNING * * *
A demonic guardian appears!
Reactivating autopickup.
Unknown command.
You are too injured to fight recklessly!
You are too injured to fight recklessly!
You can't go up here!
Casting: Foxfire (safe; 2% risk of failure)
Confirm with . or Enter, or press ? or * to list all spells.
You conjure some foxfire!
The foxfire hits the shadow but does no damage. x2
The shadow hits you.
* * * LOW HITPOINT WARNING * * *
Your ice devil closely misses the shadow.
You are too injured to fight recklessly!
Casting: Foxfire (safe; 2% risk of failure)
Confirm with . or Enter, or press ? or * to list all spells.
You conjure some foxfire!
The foxfire hits the shadow but does no damage.
The foxfire hits the shadow!
The shadow is moderately damaged.
The shadow slips into darkness.
The shadow flickers and vanishes!
Deactivating autopickup; reactivate with Ctrl-A.
Your ice devil barely misses something.
Casting: Foxfire (safe; 2% risk of failure)
Confirm with . or Enter, or press ? or * to list all spells.
You conjure some foxfire!
The foxfire hits something. x2
The shadow strikes at you from the darkness!
Ouch! That really hurt!
You die...

.....................
.....#.#####.##......#
#...##.......##......
#...##.......#.......
#...##.......#.....#
#...##.......#.....#
#.......#.....#
########..ยงยง..#
####...@v.#
#......{v.#
#.###..4..# # #.....#
###'### #.# #.#
#...^.... ...######


You could see a friendly ice devil (summoned).

Vanquished Creatures
  An ogre (D:4)
  2 scorpions (D:4)
  A gnoll shaman (D:4)
  An orc wizard (D:3)
  A hound skeleton (D:4)
  7 gnolls
  5 adders
  A worm (D:4)
  3 dart slugs (D:4)
  7 orcs (D:3)
  5 endoplasms
  2 giant cockroaches
  4 goblins
  4 hobgoblins
  6 jackals
  8 kobolds
  2 quokkas (D:3)
  8 ball pythons
  4 bats
72 creatures vanquished.

Vanquished Creatures (collateral kills)
  An orc priest (D:3)
  A gnoll (D:4)
  An orc (D:3)
3 creatures vanquished.

Vanquished Creatures (others)
  406 foxfires
406 creatures vanquished.

Grand Total: 481 creatures vanquished

Notes
Turn   | Place    | Note
-------+----------+-------------------------------------------
     0 | D:1      | Bosse the Demonspawn Fire Elementalist began the quest for
                  | the Orb.
     0 | D:1      | Reached XP level 1. HP: 13/13 MP: 3/3
   442 | D:1      | Gained mutation: A weak demonic guardian rushes to your
                  | aid. [demonic ancestry]
   442 | D:1      | Reached XP level 2. HP: 19/19 MP: 0/5
  1089 | D:2      | Reached XP level 3. HP: 15/24 MP: 0/6
  2230 | D:3      | Reached XP level 4. HP: 6/30 MP: 6/8
  3282 | D:3      | Gained mutation: A demonic guardian rushes to your aid.
                  | [demonic ancestry]
  3282 | D:3      | Reached XP level 5. HP: 24/35 MP: 0/9
  3975 | D:4      | Noticed an ogre
  4086 | D:4      | Killed an ogre
  4087 | D:4      | Gained mutation: You have a pair of small horns on your
                  | head. [demonic ancestry]
  4087 | D:4      | Reached XP level 6. HP: 41/41 MP: 6/11
  5427 | D:4      | Found a runed translucent door.
  5427 | D:4      | Noticed a water moccasin
  5427 | D:4      | Noticed bgiannan's ghost (amateur GrFi)
  5822 | D:5      | Entered Level 5 of the Dungeon
  5874 | D:5      | Noticed a shadow
  5888 | D:5      | Demolished by a shadow

Illustrated notes

Levels and vault maps discovered:
D:1:      psy_arrival_conway, layout_basic
D:2:      layout_basic, basic_altar, nicolae_elevator_lobby_plus
D:3:      layout_loops_ring, serial_park_tiny_pond
D:4:      layout_rooms, ebering_ghost_inner_flame, minmay_splitting_lines
D:5:      layout_basic, minmay_temple_entry_hall

Skill      XL: |  1  2  3  4  5  6 |
---------------+-------------------+-----
Fire Magic     | 3 4 |  4.3
Dodging        | 2 |  2.2
Stealth        | 2 |  2.0
Spellcasting   | 3 4 |  4.7
Conjurations   | 2 3 |  3.4
Fighting       | |  0.2

Action                   |  1- 3 |  4- 6 || total
-------------------------+-------+-------++-------
Melee: Spear             |    15 |     5 ||    20
 Cast: Foxfire           |    56 |   210 ||   266
  Use: Scroll            |     2 |     4 ||     6
Armor: Robe              |     3 |    22 ||    25
Dodge: Dodged            |    26 |    31 ||    57

Table legend: (Time is in decaauts)
 A = Elapsed time spent in this place.
 B = Non-inter-level travel time spent in this place.
 C = Inter-level travel time spent in this place.
 D = Time resting spent in this place.
 E = Time spent auto-exploring this place.
 F = Levels seen in this place.
 G = Mean time per level.
                   A        B        C        D        E       F      G
               +--------+--------+--------+--------+--------+-----+--------+
         Total |   5894 |   5837 |     57 |    646 |   4359 |   5 | 1178.8 |
       Dungeon |   5894 |   5837 |     57 |    646 |   4359 |   5 | 1178.8 |
               +--------+--------+--------+--------+--------+-----+--------+

Top non-repeatable levels by time:
     D:4: 1933 daAuts
     D:3: 1895 daAuts
     D:1: 1046 daAuts
     D:2: 953 daAuts
     D:5: 65 daAuts
